 Dungeon Crawl Stone Soup version 0.26.0-16-gc1dbca0489 (webtiles) character file.

Game seed: 16934746029684176191

61 teolandon225 the Sneak (level 3, 0/16 HPs)
             Began as a Spriggan Enchanter on Jan 21, 2021.
             Slain by an orc warrior
             ... wielding a +0 trident
              (16 damage)
             ... on level 2 of the Dungeon.
             The game lasted 00:03:09 (2331 turns).

teolandon225 the Sneak (Spriggan Enchanter)         Turns: 2331, Time: 00:03:10

Health: 0/16       AC:  2    Str:  4    XL:     3   Next: 83%
Magic:  4/8        EV: 19    Int: 17    God:
Gold:   149        SH:  0    Dex: 16    Spells: 4/7 levels left

rFire    . . .     SeeInvis +   a - +1 dagger
rCold    . . .     Faith    .   (shield restricted)
rNeg     . . .     Spirit   .   b - +0 robe
rPois    .         Reflect  .   (helmet restricted)
rElec    .         Harm     .   (no cloak)
rCorr    .         Rampage  .   (gloves unavailable)
Will     .....                  (boots unavailable)
Stlth    +++.......             (no amulet)
HPRegen  0.05/turn              (no ring)
MPRegen  0.11/turn              (no ring)

@: very slightly contaminated, very quick
A: very small, unfitting armour, see invisible, speed 3
a: no special abilities


You were on level 2 of the Dungeon.
You visited 1 branch of the dungeon, and saw 2 of its levels.

You collected 149 gold pieces.

Inventory:

Hand Weapons
 a - a +1 dagger (weapon)
Armour
 b - a +0 robe (worn)
Scrolls
 c - 2 scrolls of remove curse {unknown}
 f - a scroll of random uselessness {unknown}
 g - a scroll of teleportation
 j - 2 scrolls of identify {unknown}
 k - a scroll of fear {unknown}
Potions
 d - a potion of invisibility {unknown}
 e - 2 potions of heal wounds {unknown}
 h - a potion of curing {unknown}
 i - a potion of degeneration {unknown}


   Skills:
 - Level 1.1 Short Blades
 + Level 3.8 Dodging
 * Level 5.7 Stealth
 - Level 2.6 Spellcasting
 * Level 4.6 Hexes


You had 4 spell levels left.
You knew the following spells:

 Your Spells              Type           Power        Failure   Level
q - Ensorcelled Hibernat  Hex/Ice        20%          11%         2
r - Corona                Hex            20%          2%          1

Your spell library contained the following spells:

 Spells                   Type           Power        Failure   Level
 Confusing Touch          Hex            18%          9%          3
 Tukima's Dance           Hex            18%          9%          3
 Dazzling Flash           Conj/Hex       20%          22%         3


Dungeon Overview and Level Annotations

Branches:
Dungeon (2/15)

Altars:
Ashenzari
Qazlal
Uskayaw

Annotations:
D:2 1 transporter


Innate Abilities, Weirdness & Mutations

You are very small and have problems with some larger weapons.
You are too small for most types of armour.
You have supernaturally acute eyesight. (SInv)
You cover ground extremely quickly.


Message History

Partly explored, unvisited transporter.
There is a transporter here.
You enter the transporter and appear at another place.
Casting: Ensorcelled Hibernation (safe; 11% risk of failure)
Confirm with . or Enter, or press ? or * to list all spells.
Aiming: Ensorcelled Hibernation (safe; 11% risk of failure)
Press: ? - help, Shift-Dir - straight line, f - giant cockroach
Aim: a giant cockroach (wandering, hasn't noticed you, chance to affect: 59%)
You miscast Ensorcelled Hibernation.
You are very lightly contaminated with residual magic.
Nothing appears to happen.
The orc warrior misses you.
Casting: Ensorcelled Hibernation (safe; 11% risk of failure)
Confirm with . or Enter, or press ? or * to list all spells.
Aiming: Ensorcelled Hibernation (safe; 11% risk of failure)
Press: ? - help, Shift-Dir - straight line, f/p - giant cockroach
Aim: a giant cockroach (chance to affect: 59%)
The giant cockroach looks drowsy...
The orc warrior hits you from afar with a +0 trident!
Ouch! That really hurt!
You die...

##.#### ##..♣.# #.#.# #.# #....#
#.#.# #.#########...## #....
#.##...........## ###.# #
#....#########..## ##..#
#########...##...©...##..####....
.......†....#8.......8#..+....(..
#########...#...B.o.)$#...###....
# #...#$..@...[.#...####.## #
#..©#..©....$_#©..#...... #
#...#.......(.#..##.##... #
#...#.......!$#.###.##..# #
##..#8.......8#.# #.##..# #
#..##.......##.# #...... #
#...#########..# ####... #
#.#............#### ##.# #
#.####.##.........####.#


You could see an orc warrior and a giant cockroach (asleep).

Vanquished Creatures
  2 adders (D:2)
  2 dart slugs (D:2)
  2 leopard geckos (D:2)
  6 goblins
  5 hobgoblins
  A ball python (D:2)
  7 bats
  3 frilled lizards
  5 kobolds
  4 rats
37 creatures vanquished.

Vanquished Creatures (others)
  16 plants (D:1)
16 creatures vanquished.

Grand Total: 53 creatures vanquished

Notes
Turn   | Place    | Note
-------+----------+-------------------------------------------
     0 | D:1      | teolandon225 the Spriggan Enchanter began the quest for the
                  | Orb.
     0 | D:1      | Reached XP level 1. HP: 9/9 MP: 5/5
   187 | D:1      | Reached XP level 2. HP: 11/13 MP: 4/6
   230 | D:1      | Learned a level 2 spell: Ensorcelled Hibernation
   383 | D:1      | Reached skill level 5 in Stealth
  1172 | D:2      | Reached XP level 3. HP: 16/16 MP: 0/8
  1273 | D:2      | Found a broken altar of Ashenzari.
  1872 | D:2      | Found a stormy altar of Qazlal.
  1922 | D:2      | Found a transporter.
  1923 | D:2      | Found a hide-covered altar of Uskayaw.
  1924 | D:2      | Found a transporter.
  1982 | D:2      | Noticed an orc warrior
  2331 | D:2      | Slain by an orc warrior

Illustrated notes

Levels and vault maps discovered:
D:1:      roderic_crop_circles_arrival_large, layout_basic
D:2:      layout_loops_corners, nicolae_qazlal_general_emergency,
          gammafunk_temple_overflow_arena, evilmike_ruin_ashenzari,
          chequers_mini_garden

Skill      XL: |  1  2 |
---------------+-------+-----
Hexes          | 4 |  4.6
Stealth        | 5 |  5.7
Short Blades   | |  1.1
Dodging        | |  3.8
Spellcasting   | |  2.6

Action                   || total
-------------------------++-------
Melee: Dagger            ||    79
 Cast: Corona            ||     5
       Ensorcelled Hiber ||    34
  Use: Scroll            ||     1
 Stab: Sleeping          ||    29
Armor: Robe              ||    12
Dodge: Dodged            ||    60
